Map: Pendiente de Agustín EE

Players

Penthouse - Winner!

  • Race: Terran Terran
  • Spawn Location: 5:00

meanyface - Winner!

  • Race: Protoss Protoss
  • Spawn Location: 6:00

JaGold - Winner!

  • Race: Zerg Zerg
  • League: Silver
  • Spawn Location: 6:00

TATORREA

  • Race: Protoss Protoss
  • League: Gold
  • Spawn Location: 12:00

tigro

  • Race: Terran Terran
  • League: Bronze
  • Spawn Location: 12:00

MrFercho

  • Race: Zerg Zerg
  • League: Silver
  • Spawn Location: 11:00

VOD

Have the link to the VOD?

Description

Time

  • Played on: July 2, 2020, 10:16 p.m.
  • Length: 12:21
Show
View Real Time Build Order
Export as new Build Order

Penthouse Terran - Winner!

Build Orders:  

Get SALT Encoding   

  12  0:01  SCV  
  13  0:13  SCV  
  14  0:18  Supply Depot  
  14  0:25  SCV  
  15  0:40  SCV  
  16  0:44  Barracks  
  16  0:47  Refinery  
  16  1:00  SCV  
  17  1:12  SCV  
  18  1:24  SCV  
  19  1:51  Orbital Command  
  19  2:02  Barracks Reactor  
  18  2:09  Supply Depot, Command Center  
  18  2:17  Refinery, SCV  
  18  2:19  Barracks  
  19  2:28  Factory  
  19  2:29  SCV  
  20  2:39  Marine x2  
  20  2:41  SCV  
  23  2:53  SCV  
  23  2:57  Marine  
  23  2:58  Marine  
  27  3:05  SCV  
  27  3:07  Barracks Tech Lab  
  27  3:12  Starport  
  27  3:14  Factory Reactor  
  27  3:16  Marine  
  27  3:17  SCV  
  27  3:18  Marine  
  30  3:27  Orbital Command  
  30  3:30  Marine  
  30  3:34  SCV  
  32  3:36  Marine  
  33  3:42  Stimpack  
  33  3:46  SCV  
  33  3:47  Marine  
  35  3:58  Supply Depot, SCV  
  36  4:03  SCV  
  36  4:05  Marine  
  36  4:06  Marine  
  36  4:09  Marine  
  40  4:10  SCV  
  40  4:14  Medivac  
  40  4:16  SCV  
  44  4:17  Medivac  
  44  4:21  Supply Depot  
  46  4:24  SCV  
  46  4:28  SCV  
  48  4:33  Marine x2  
  48  4:35  Supply Depot, Marine  
  48  4:36  SCV  
  52  4:40  SCV  
  53  4:47  Engineering Bay  
  53  4:49  SCV  
  53  4:51  Marine x2  
  53  4:52  SCV  
  57  5:01  Marine  
  57  5:02  Medivac  
  60  5:09  Marine  
  60  5:10  Engineering Bay, SCV x2  
  63  5:16  Supply Depot  
  63  5:21  Marine  
  63  5:22  Marine, SCV  
  63  5:27  Marine  
  67  5:33  SCV  
  67  5:34  Command Center, SCV  
  69  5:39  Supply Depot  
  69  5:40  Terran Infantry Weapons Level 1  
  69  5:46  SCV x2  
  69  5:48  Marine x3  
  74  6:06  Marine x3  
  74  6:07  Medivac x2  
  81  6:17  Factory Tech Lab  
  81  6:23  Marine  
  81  6:24  Marine x2  
  79  6:41  Marine x3  
  82  6:47  Siege Tank  
  82  6:50  Barracks, Orbital Command  
  82  6:51  Barracks x2, SCV  
  82  6:52  SCV  
  87  6:59  Marine  
  88  7:03  Marine x2, SCV  
  88  7:04  SCV  
  92  7:11  Supply Depot x2, Armory  
  92  7:15  SCV  
  92  7:16  Orbital Command, SCV  
  92  7:17  Marine  
  92  7:18  Armory  
  95  7:28  SCV  
  96  7:35  Marauder, Marine x2  
  100  7:38  SCV  
  100  7:40  Barracks Tech Lab x2, SCV  
  100  7:41  Barracks Reactor  
  102  7:45  Siege Tank  
  102  7:50  SCV x2  
  107  7:52  SCV  
  107  7:53  Marine  
  107  7:55  Supply Depot x3  
  107  7:57  Missile Turret  
  109  7:58  Missile Turret  
  109  8:02  SCV x2  
  109  8:04  SCV  
  112  8:06  Marine x4  
  112  8:11  Marine  
  112  8:12  Missile Turret  
  117  8:17  Marine x2, SCV  
  117  8:18  Siege Tank  
  123  8:24  Marine x4  
  127  8:29  Marine  
  101  8:47  Marine x3  
  101  8:48  Marine x4  
  106  8:50  Siege Tank  
  106  8:54  Terran Infantry Weapons Level 2  
  110  8:59  Refinery  
  110  9:01  Refinery x2  
  110  9:02  SCV x3  
  113  9:03  Refinery  
  113  9:05  Marine x4  
  113  9:06  Marine x3  
  120  9:14  SCV x2  
  122  9:22  Command Center, Siege Tank  
  122  9:23  Marine x4  
  129  9:26  Marine x3  
  129  9:29  SCV x3  
  135  9:41  Marine x3, SCV x3  
  141  9:47  Marine x4  
  141  9:49  Supply Depot  
  141  9:50  Supply Depot  
  141  9:52  Supply Depot  
  145  9:53  SCV x3  
  145  9:59  Marine x3  
  150  10:05  Marine x3, SCV  
  128  10:23  Marine x2  
  128  10:24  Marine x5  
  133  10:41  Marine x4  
  133  10:42  Marine x3  
  139  10:43  Siege Tank  
  142  10:50  SCV x3  
  142  10:52  Planetary Fortress  
  145  10:59  Marine x5  
  145  11:00  Marine x2  
  145  11:02  Barracks x3  
  152  11:04  Barracks  
  152  11:17  Marine x7  
  158  11:34  Marine  
  158  11:35  Marine x3  
  158  11:36  Marine x3  
  165  11:52  Marine x2  
  165  11:53  Marine x4  
  165  11:54  Marine  
Show
View Real Time Build Order
Export as new Build Order

meanyface Protoss - Winner!

Build Orders: 1 Gate Expand 

Get SALT Encoding   

  12  0:01  Probe  
  13  0:13  Probe  
  14  0:17  Pylon  
  14  0:25  Probe  
  15  0:37  Gateway  
  15  0:41  Probe  
  16  0:44  Assimilator  
  16  0:51  Probe  
  17  0:59  Probe  
  18  1:27  Nexus  
  17  1:37  Probe, Cybernetics Core  
  18  1:40  Assimilator  
  18  1:49  Probe  
  19  2:06  Pylon  
  19  2:12  Gateway  
  19  2:13  Probe  
  19  2:15  Gateway  
  20  2:23  Warp Gate  
  20  2:25  Probe  
  21  2:37  Probe  
  21  2:40  Twilight Council  
  22  2:44  Probe  
  22  2:45  Stalker  
  25  2:52  Probe x2  
  27  3:02  Probe  
  27  3:04  Probe  
  29  3:09  Robotics Facility  
  29  3:14  Probe  
  29  3:17  Probe  
  31  3:22  Charge  
  31  3:26  Zealot  
  33  3:28  Zealot  
  33  3:30  Probe x2  
  37  3:38  Probe x2  
  37  3:46  Probe  
  37  3:47  Probe  
  41  3:56  Pylon  
  41  3:58  Pylon  
  41  4:06  Forge  
  41  4:08  Observer  
  41  4:09  Pylon  
  42  4:16  Probe x2  
  44  4:23  Zealot  
  44  4:24  Zealot  
  48  4:28  Probe  
  48  4:29  Warp Prism  
  48  4:30  Probe  
  52  4:33  Assimilator  
  52  4:38  Assimilator  
  52  4:40  Probe  
  52  4:41  Protoss Ground Weapons Level 1  
  53  4:47  Gateway  
  53  4:49  Photon Cannon  
  53  5:00  Probe x2  
  53  5:01  Gateway  
  53  5:03  Gateway  
  53  5:06  Observer  
  56  5:09  Zealot x2  
  60  5:30  Zealot x3  
  66  6:10  Zealot x2  
  70  6:13  Pylon  
  70  6:16  Pylon  
  70  6:19  Pylon  
  46  6:36  Zealot x3  
  46  6:37  Zealot x3  
  58  6:48  Gateway x2  
  58  6:50  Gateway  
  58  6:53  Gateway  
  58  7:05  Protoss Ground Weapons Level 2  
  58  7:10  Probe  
  58  7:11  Probe  
  60  7:22  Dark Shrine  
  60  7:23  Probe x2  
  60  7:24  Nexus  
  60  7:25  Zealot  
  60  7:26  Zealot  
  60  7:27  Pylon  
  60  7:29  Pylon  
  66  7:31  Pylon  
  66  7:34  Photon Cannon  
  66  7:35  Probe x2  
  66  7:36  Photon Cannon  
  68  7:38  Shield Battery  
  68  7:41  Warp Prism  
  70  7:47  Probe x2  
  72  7:51  Photon Cannon  
  72  7:52  Pylon  
  72  7:54  Zealot x2  
  76  7:59  Probe  
  77  8:12  Zealot x4  
  79  8:13  Zealot x2  
  77  8:30  Zealot  
  77  8:31  Zealot x3  
  79  8:42  Zealot x5  
  79  8:45  Probe x2  
  91  8:51  Zealot x2  
  95  8:58  Zealot  
  97  9:17  Assimilator  
  97  9:21  Assimilator  
  97  9:29  Nexus  
  97  9:31  Pylon  
  97  9:34  Dark Templar x2  
  101  9:49  Gateway, Dark Templar x2  
  101  9:51  Gateway  
  103  10:21  Zealot x6  
  107  10:22  Zealot x4  
  105  10:29  Zealot x6  
  105  10:30  Zealot x3  
  121  10:48  Dark Templar x3  
  121  10:49  Dark Templar x4  
  133  10:50  Dark Templar x3  
  133  10:52  Archon  
  133  10:53  Archon x3  
  133  10:54  Archon  
  133  11:24  Dark Templar x5  
  133  11:25  Dark Templar x2  
  139  11:30  Pylon  
  139  11:32  Pylon, Observer  
  140  11:35  Pylon  
Show
View Real Time Build Order
Export as new Build Order

JaGold Zerg - Winner!

Build Orders: Hatch First 

Get SALT Encoding   

  12  0:01  Drone  
  13  0:13  Overlord  
  13  0:17  Drone  
  14  0:31  Drone x2  
  16  0:36  Drone  
  17  0:53  Hatchery  
  16  1:01  Drone x2  
  18  1:07  Extractor  
  17  1:29  Spawning Pool  
  17  1:31  Drone x3  
  19  1:50  Overlord  
  19  2:18  Queen  
  19  2:19  Queen  
  19  2:21  Drone x4  
  19  2:22  Drone  
  28  2:25  Metabolic Boost  
  28  2:29  Zergling x2  
  29  2:41  Zergling x2  
  30  2:50  Overlord  
  30  2:54  Drone x2  
  32  3:01  Queen x2  
  36  3:21  Drone x3  
  36  3:22  Drone x2  
  41  3:38  Overlord  
  41  3:39  Overlord x2  
  41  3:47  Lair, Hatchery  
  40  3:52  Roach Warren  
  40  3:54  Evolution Chamber  
  38  3:56  Evolution Chamber  
  37  4:13  Drone x6  
  37  4:14  Drone  
  44  4:17  Extractor  
  44  4:23  Zerg Missile Weapons Level 1  
  43  4:28  Drone  
  44  4:36  Extractor  
  43  4:59  Drone, Spire  
  43  5:00  Drone x2  
  45  5:11  Drone x2  
  45  5:12  Drone  
  45  5:14  Overlord x3  
  48  5:16  Extractor  
  48  5:20  Drone x2  
  49  5:27  Drone x2  
  51  5:28  Queen  
  53  5:36  Roach x3  
  53  5:37  Roach x3  
  65  5:47  Glial Reconstitution  
  65  5:52  Roach x2  
  65  5:54  Overlord  
  69  6:16  Hydralisk Den  
  68  6:26  Infestation Pit  
  67  6:35  Drone x4  
  67  6:36  Drone x6  
  67  6:37  Drone  
  78  6:40  Overseer  
  78  6:46  Corruptor  
  80  6:47  Corruptor  
  82  6:58  Roach x3  
  82  6:59  Roach x3  
  94  7:06  Spine Crawler x2  
  94  7:07  Extractor, Drone x2  
  94  7:08  Drone  
  94  7:19  Zerg Missile Weapons Level 2  
  94  7:25  Zerg Ground Armor Level 1  
  94  7:28  Drone x2  
  94  7:29  Drone x2  
  98  7:38  Extractor, Ravager x2  
  98  7:40  Zergling x4  
  98  7:41  Zergling x10  
  106  7:44  Overlord x3  
  106  8:02  Queen x3  
  112  8:06  Roach x3  
  112  8:07  Roach x5  
  128  8:35  Drone  
  128  8:36  Drone  
  128  8:38  Overlord x3  
  128  8:39  Overlord x5  
  130  8:46  Hive  
  130  9:19  Zerg Melee Weapons Level 1  
  130  9:25  Hatchery  
  129  9:36  Corruptor x4  
  129  9:37  Corruptor  
  139  9:41  Ravager x4  
  139  9:42  Ravager x7  
  139  9:43  Ravager  
  151  9:58  Roach x3  
  151  9:59  Roach x5  
  167  10:08  Drone  
  168  10:32  Corruptor x3  
  168  10:33  Corruptor x2  
  178  10:36  Roach x3  
  178  10:37  Roach  
  186  10:46  Greater Spire  
  186  10:49  Drone x2  
  188  10:50  Queen  
Show
View Real Time Build Order
Export as new Build Order

TATORREA Protoss 

Build Orders:  

Get SALT Encoding   

  12  0:02  Probe  
  13  0:14  Probe  
  14  0:26  Probe  
  14  0:27  Pylon  
  15  0:45  Probe  
  15  0:47  Gateway  
  16  0:57  Probe  
  16  1:02  Assimilator  
  17  1:06  Pylon  
  17  1:09  Probe  
  18  1:21  Probe  
  19  1:33  Probe  
  19  1:38  Assimilator  
  20  1:40  Cybernetics Core  
  20  1:45  Probe  
  21  1:57  Probe  
  21  1:58  Gateway  
  22  2:10  Nexus  
  22  2:16  Probe  
  23  2:24  Warp Gate  
  23  2:28  Probe  
  24  2:30  Pylon  
  24  2:35  Pylon  
  24  2:41  Probe  
  25  2:54  Probe  
  25  2:57  Stalker x2  
  30  3:06  Probe  
  31  3:15  Robotics Facility  
  31  3:18  Probe  
  32  3:22  Probe  
  32  3:27  Stalker, Sentry  
  35  3:31  Probe  
  38  3:34  Probe  
  39  3:44  Probe  
  40  3:50  Forge  
  40  3:52  Probe  
  40  3:54  Pylon  
  41  4:04  Probe  
  41  4:06  Probe  
  43  4:17  Nexus  
  43  4:19  Pylon  
  43  4:23  Probe x2  
  45  4:29  Assimilator  
  45  4:31  Assimilator  
  45  4:35  Probe x2  
  45  4:37  Stalker  
  49  4:39  Sentry  
  51  4:47  Protoss Ground Weapons Level 1, Probe  
  51  4:48  Probe  
  53  4:53  Photon Cannon  
  53  4:55  Photon Cannon  
  53  5:06  Observer  
  54  5:08  Probe  
  54  5:09  Probe  
  56  5:20  Probe  
  57  5:21  Probe  
  57  5:27  Immortal  
  62  5:29  Probe  
  63  5:35  Probe  
  63  5:36  Probe  
  65  6:03  Stalker  
  65  6:08  Stalker  
  52  6:32  Stalker x2  
  56  6:46  Probe x2  
  58  6:57  Gateway  
  58  6:58  Gateway  
  58  7:01  Gateway  
  58  7:05  Protoss Shields Level 1  
  58  7:14  Probe x2  
  60  7:19  Stalker x2  
  64  7:23  Immortal  
  64  7:26  Probe x2  
  64  7:27  Nexus  
  70  7:30  Pylon  
  70  7:33  Pylon  
  70  7:40  Pylon  
  70  7:44  Pylon  
  70  7:48  Pylon x2, Probe x2  
  70  7:51  Stalker x2  
  74  7:52  Pylon  
  74  7:54  Pylon x2  
  76  8:02  Observer  
  77  8:07  Forge  
  77  8:10  Twilight Council, Forge  
  77  8:12  Stalker  
  77  8:13  Stalker x2  
  77  8:15  Probe x2  
  85  8:24  Immortal  
  89  8:27  Probe x2  
  91  8:37  Stalker x4  
  91  8:39  Probe x2  
  91  8:40  Stalker  
  103  8:43  Probe  
  104  9:03  Immortal  
  104  9:04  Blink  
  104  9:05  Protoss Ground Armor Level 1, Protoss Ground Weapons Level 2  
  104  9:08  Protoss Shields Level 2  
  108  9:24  Nexus  
  108  9:26  Pylon  
  108  9:33  Assimilator  
  108  9:36  Assimilator  
  108  9:42  Immortal  
  74  10:09  Stalker  
  74  10:10  Stalker  
  74  10:11  Stalker x2  
  74  10:12  Stalker  
Show
View Real Time Build Order
Export as new Build Order

tigro Terran 

Build Orders:  

Get SALT Encoding   

  12  0:03  SCV  
  13  0:15  SCV  
  13  0:20  Supply Depot  
  14  0:27  SCV  
  15  0:35  Refinery  
  15  0:42  SCV  
  16  0:51  Barracks  
  16  0:59  SCV  
  17  1:07  Refinery  
  17  1:11  SCV  
  18  1:24  SCV  
  19  1:36  SCV  
  20  1:40  Barracks  
  20  1:48  SCV  
  21  2:00  SCV  
  22  2:01  Engineering Bay  
  22  2:05  Supply Depot  
  22  2:09  Marine  
  23  2:24  Orbital Command  
  23  2:26  Marine  
  23  2:29  Barracks Reactor  
  24  2:37  Factory  
  24  2:44  Marine  
  25  2:54  SCV  
  26  3:00  Terran Infantry Weapons Level 1  
  26  3:02  Marine  
  27  3:09  Marine x2  
  29  3:23  Factory Tech Lab  
  29  3:27  Marine x2  
  30  3:30  Barracks Tech Lab  
  31  3:40  Starport  
  31  3:44  Marine  
  31  3:48  Siege Tank  
  35  4:04  Combat Shield  
  35  4:17  Starport  
  38  4:24  Medivac  
  37  4:54  Terran Infantry Armor Level 1  
  37  5:02  Command Center  
  37  5:06  Starport Tech Lab x2  
  37  5:32  Refinery  
  37  5:33  Siege Tank  
  40  5:35  Marine x2  
  40  5:36  Marine  
  43  5:53  Marine x3  
  43  5:57  Missile Turret  
  46  6:11  Marine  
  46  6:13  Marine x2  
  46  6:16  Refinery  
  49  6:18  Missile Turret  
  47  6:29  Marine  
  47  6:31  Marine x2  
  47  6:48  Hi-Sec Auto Tracking, Missile Turret  
  47  6:55  SCV  
  48  7:07  SCV  
  48  7:08  Siege Tank  
  52  7:14  Medivac  
  54  7:19  SCV  
  55  7:32  SCV  
  56  7:40  Siege Tank  
  56  7:41  Missile Turret  
  56  7:44  SCV  
  60  7:56  SCV  
  60  7:57  Supply Depot  
  61  8:01  Missile Turret  
  61  8:02  Marine  
  62  8:10  Stimpack  
  62  8:19  Marine, SCV  
  64  8:20  Supply Depot  
  64  8:24  Missile Turret  
  64  8:31  SCV  
  48  8:46  Missile Turret  
  40  8:54  Marine x3  
  39  8:58  SCV  
  40  9:06  Medivac x2  
  40  9:07  Missile Turret  
  44  9:10  SCV  
  44  9:12  Marine x3  
  48  9:22  SCV  
  49  9:29  Marine  
  49  9:30  Marine x2  
  52  9:34  SCV  
  53  9:46  SCV, Missile Turret  
  53  9:47  Marine x3  
  57  10:05  Marine  
  57  10:06  Missile Turret  
Show
View Real Time Build Order
Export as new Build Order

MrFercho Zerg 

Build Orders: Hatch First 

Get SALT Encoding   

  12  0:01  Drone  
  13  0:13  Overlord  
  13  0:18  Drone  
  14  0:32  Drone x2  
  16  0:36  Drone  
  17  0:55  Hatchery  
  16  0:58  Drone  
  17  1:13  Spawning Pool  
  17  1:14  Drone  
  17  1:31  Drone x3  
  20  1:44  Extractor  
  20  1:45  Drone  
  20  1:53  Drone  
  21  2:04  Overlord  
  21  2:06  Queen  
  23  2:08  Zergling x2  
  24  2:22  Drone x2  
  26  2:25  Drone  
  26  2:29  Drone  
  28  2:45  Roach Warren  
  28  2:46  Lair  
  28  2:48  Queen  
  29  2:52  Drone x4  
  33  3:01  Drone x2  
  35  3:16  Zergling x2  
  36  3:31  Overlord x2  
  36  3:32  Overlord x2  
  36  3:49  Queen, Drone x2  
  36  3:50  Drone x2  
  42  4:14  Extractor  
  42  4:15  Extractor  
  42  4:16  Drone x7  
  42  4:17  Evolution Chamber  
  46  4:28  Drone x2  
  46  4:29  Hydralisk Den  
  46  4:31  Glial Reconstitution  
  47  4:48  Drone x3  
  50  5:12  Drone x7  
  57  5:21  Hatchery  
  56  5:34  Evolution Chamber x2  
  54  5:35  Overlord  
  54  5:36  Overlord x2  
  54  5:50  Hydralisk x6  
  66  5:58  Spore Crawler  
  66  6:03  Spine Crawler  
  64  6:04  Spine Crawler  
  64  6:05  Spine Crawler  
  64  6:06  Spore Crawler  
  61  6:28  Roach x6  
  61  6:29  Roach x4  
  80  7:01  Extractor  
  80  7:03  Extractor  
  80  7:06  Overseer  
  78  7:14  Hatchery  
  77  7:15  Drone  
  77  7:16  Drone x8  
  77  7:21  Muscular Augments  
  86  7:27  Drone  
  86  7:28  Spire  
  86  7:29  Drone x2  
  88  7:33  Zerg Missile Weapons Level 1  
  88  7:34  Zerg Ground Armor Level 1  
  88  8:08  Drone  
  88  8:09  Overlord  
  88  8:10  Overlord x7  
  88  8:11  Overlord x3  
  82  8:33  Grooved Spines  
  79  8:40  Drone x2  
  59  8:42  Drone  
  59  8:43  Drone x3  
  59  8:47  Extractor  
  58  8:58  Pneumatized Carapace  
  58  9:51  Mutalisk x7  
  58  9:52  Mutalisk x14  
  100  10:13  Hydralisk  
  100  10:14  Lurker Den, Hydralisk x2  
  99  10:32  Mutalisk x6  
  99  10:33  Mutalisk x9  
  104  10:39  Hydralisk x4  
  88  10:50  Hydralisk x4  
  89  11:06  Evolution Chamber  
  89  11:07  Evolution Chamber  
  89  11:09  Evolution Chamber  
  76  11:11  Evolution Chamber  
  76  11:12  Hydralisk x9  
  87  11:24  Hydralisk x2  
  87  11:25  Hydralisk x7  
  65  11:35  Hydralisk x2  
Tags
 
Add a new tag
Caveats
  • Supply blocks, unpowered buildings, or Contaminate may cause inaccurate times.
  • Supply counts are checked every 10 seconds.